 Dungeon Crawl Stone Soup version 0.29.1-1-gd02db6906a (webtiles) character file.

Game seed: 929347331623348036

546 xian the Cudgeller (level 7, -2/66 HPs)
             Began as a Gargoyle Fighter on Sept 29, 2022.
             Slain by an ufetubus (3 damage)
             ... on level 5 of the Dungeon.
             The game lasted 00:13:16 (5467 turns).

xian the Cudgeller (Gargoyle Fighter)               Turns: 5467, Time: 00:13:17

Health: -2/66      AC: 23    Str: 21    XL:     7   Next: 28%
Magic:  7/7        EV:  2    Int:  9    God:
Gold:   115        SH:  5    Dex: 15    Spells: 6/6 levels left

rFire   . . .      SeeInvis .   x - +2 flail (venom)
rCold   . . .      Faith    .   c - +0 buckler
rNeg    + . .      Spirit   .   (body armour currently unavailable)
rPois   ∞          Reflect  .   (helmet currently unavailable)
rElec   .          Harm     .   (cloak currently unavailable)
rCorr   .          Rampage  .   (gloves currently unavailable)
Will    .....      NoTele   +   (boots currently unavailable)
Stlth   +.........              (no amulet)
HPRegen 0.21/turn               h - +6 ring of dexterity
MPRegen 0.10/turn               (no ring)

@: mighty, tree-form
A: stationary, stasis, torment immunity, boosted hp, sickness immunity, AC +4,
negative energy resistance 1, (electricity resistance), torment resistance 1,
petrification resistance
a: no special abilities


You were on level 5 of the Dungeon.
You were a tree.
You visited 1 branch of the dungeon, and saw 5 of its levels.

You collected 262 gold pieces.
You spent 147 gold pieces at shops.

Inventory:

Hand Weapons
 x - a +2 flail of venom (weapon)
Missiles
 a - 8 poisoned darts
 o - 5 boomerangs (quivered)
 s - a throwing net
Armour
 b - a +0 scale mail (melded)
 c - a +0 buckler (worn)
 q - a +0 cloak (melded)
 t - the +1 robe of the Present {Int+4}
   (You took it off a gnoll on level 3 of the Dungeon)

   Int:       It affects your intelligence (+4).
Jewellery
 h - a +6 ring of dexterity (left branch)
Wands
 l - a wand of paralysis (9)
Scrolls
 e - 2 scrolls of amnesia {unknown}
 f - a scroll of fear {unknown}
 i - a scroll of torment {unknown}
 k - a scroll of magic mapping {unknown}
 p - a scroll of noise {unknown}
 r - a scroll of poison {unknown}
 w - a scroll of enchant armour
 y - a scroll of identify {unknown}
Potions
 d - a potion of might
 g - a potion of ambrosia {unknown}
 j - a potion of flight {unknown}
 m - a potion of curing {unknown}
 n - a potion of cancellation {unknown}
 u - a potion of heal wounds {unknown}
 z - a potion of lignification


   Skills:
 + Level 4.7 Fighting
 + Level 5.1 Maces & Flails
 + Level 0.6 Throwing
 + Level 4.5 Armour
 + Level 2.0 Dodging
 + Level 0.3 Stealth
 + Level 4.1 Shields


You had 6 spell levels left.
You didn't know any spells.
Your spell library contained the following spells:

 Spells                   Type           Power      Damage    Failure   Level
 Static Discharge         Conj/Air       0%         3-3/arc   61%         2
 Wereblood                Tmut           0%         N/A       61%         2
 Dispel Undead            Necr           0%         3d6       99%         4
 Sticky Flame             Conj/Fire      0%         2d3       99%         4
 Summon Hydra             Summ           0%         N/A       100%        7
 Sublimation of Blood     Necr           Unusable   N/A       N/A         2

Dungeon Overview and Level Annotations

Branches:
Dungeon (5/15)
 Temple: D:4-7

Altars:
Makhleb
Xom

Shops:
D:4 ?

Annotations:
D:4 1 runed translucent door, Du3lingdragon's ghost, amateur MfGl
D:5 Prince Ribbit


Innate Abilities, Weirdness & Mutations

You are a tree.
Your roots penetrate the ground, keeping you stationary.
You cannot be teleported.
You are immune to unholy pain and torment.
Your maximum health is greatly increased.
Your equipment is partially melded.
You are immune to sickness and miasma.
((Your stone body is resilient. (AC +4)))
You are immune to poison.
You resist negative energy. (rN+)
((You are resistant to electric shocks. (rElec)))
You are resistant to unholy torment.
You are immune to petrification.


Message History

Your roots penetrate the ground.
You feel strangely stable.
Prince Ribbit blinks!
The adder bites you but does no damage.
You miss the adder. The adder bites you but does no damage.
The adder barely misses you.
You sock the adder!
The adder is severely wounded.
Prince Ribbit hits you!
* * * LOW HITPOINT WARNING * * *
The adder bites you but does no damage.
Prince Ribbit hits you but does no damage.
You barely miss the adder.
The adder is severely wounded.
An ufetubus comes into view.
The adder bites you but does no damage. You block Prince Ribbit's attack.
Prince Ribbit hits you but does no damage.
The adder bites you but does no damage.
You hit the adder.
The adder is poisoned.
The adder is almost dead.
The adder bites you but does no damage.
Prince Ribbit hits you but does no damage.
The adder bites you but does no damage. x2
You sock the adder!
You kill the adder!
Prince Ribbit hits you but does no damage. x2
The adder bites you but does no damage.
Okay, then.
You feel very mighty all of a sudden.
Prince Ribbit blinks!
The adder bites you but does no damage.
You closely miss the adder.
You feel a bit more experienced. You block the adder's attack.
The ufetubus hits you.
* * * LOW HITPOINT WARNING * * *
The ufetubus hits you but does no damage.
You block the adder's attack.
The ufetubus hits you but does no damage. x2
You closely miss the adder. The ufetubus barely misses you.
The ufetubus hits you but does no damage.
The adder bites you.
* * * LOW HITPOINT WARNING * * *
You barely miss the adder. The ufetubus hits you.
You die...

....#..##....
##.......#...# ##
+###.........#.... ..
..............#... . .
.......#####..#... ...
#.#....z[# ###z.....
....#.#......###.......#
..............##z##5.###
.......♣SF.....#.5...#
.......5l.......z.....#
.................#...##
..#......#......l##### .
#.....###...#...
#...#.#.....#...
...##........... ....
.....?.....##


You could see Prince Ribbit, an iguana, a wight, an adder and an ufetubus.

Vanquished Creatures
  A black bear (D:4)
  An ice beast (D:4)
  An ogre (D:5)
  A kobold brigand (D:4)
  4 adders
  3 gnolls (D:3)
  A white imp (D:5)
  6 worms
  5 dart slugs
  7 orcs
  6 bats
  7 endoplasms
  4 giant cockroaches
  14 goblins
  4 hobgoblins
  25 kobolds
  3 quokkas
  8 ball pythons
  5 frilled lizards
  3 rats
109 creatures vanquished.

Vanquished Creatures (others)
  58 plants (D:4)
58 creatures vanquished.

Grand Total: 167 creatures vanquished

Notes
Turn   | Place    | Note
-------+----------+-------------------------------------------
     0 | D:1      | xian the Gargoyle Fighter began the quest for the Orb.
     0 | D:1      | Reached XP level 1. HP: 14/14 MP: 1/1
   305 | D:1      | Reached XP level 2. HP: 15/19 MP: 2/2
   896 | D:1      | Reached XP level 3. HP: 24/24 MP: 3/3
  1344 | D:2      | Found a faded altar of an unknown god.
  1805 | D:2      | Reached XP level 4. HP: 28/29 MP: 4/4
  2007 | D:2      | Found a shimmering altar of Xom.
  2748 | D:3      | Reached skill level 3 in Maces & Flails
  2912 | D:3      | Found a burning altar of Makhleb.
  3258 | D:3      | Identified the +1 robe of the Present {Int+4}
  3470 | D:3      | Reached XP level 5. HP: 29/33 MP: 5/5
  3755 | D:3      | Reached skill level 1 in Dodging
  3931 | D:4      | Found Wiota's Magic Scroll Shoppe.
  3939 | D:4      | Bought a scroll of teleportation for 42 gold pieces
  3939 | D:4      | Bought a scroll of enchant armour for 105 gold pieces
  4172 | D:4      | Noticed an ice beast
  4182 | D:4      | Killed an ice beast
  4183 | D:4      | Reached skill level 4 in Maces & Flails
  4183 | D:4      | Reached XP level 6. HP: 39/39 MP: 6/6
  4541 | D:4      | Noticed a black bear
  4547 | D:4      | Killed a black bear
  4747 | D:4      | Found a runed translucent door.
  4748 | D:4      | Noticed Du3lingdragon's ghost (amateur MfGl)
  5039 | D:4      | Reached XP level 7. HP: 44/44 MP: 7/7
  5406 | D:5      | Entered Level 5 of the Dungeon
  5416 | D:5      | Reached skill level 5 in Maces & Flails
  5456 | D:5      | Noticed Prince Ribbit
  5460 | D:5      | HP: 1/66 [Prince Ribbit (9)]
  5465 | D:5      | HP: 1/66 [ufetubus (1)]
  5467 | D:5      | Slain by an ufetubus

Illustrated notes

Levels and vault maps discovered:
D:1:      arrival_zaba_pyramid, layout_basic
D:2:      layout_rooms, ebering_ecumenical_altar_abandoned, basic_altar
D:3:      layout_basic, marbit_many_paths
D:4:      kennysheep_kobold_camp, layout_basic, ebering_ghost_reflecting_pool,
          serial_curves, eino_curves_02, eino_curves_02, minmay_shop_grid_forest
D:5:      layout_cave_pools, kennysheep_little_box, uniq_prince_ribbit1

Skill      XL: |  1  2  3  4  5  6  7 |
---------------+----------------------+-----
Fighting       | 4 |  4.7
Maces & Flails | 3 4 5 |  5.1
Dodging        | 1 2 |  2.0
Armour         | 4 |  4.5
Shields        | 4 |  4.1
Throwing       | |  0.6
Stealth        | |  0.3

Action                   |  1- 3 |  4- 6 |  7- 9 || total
-------------------------+-------+-------+-------++-------
Melee: Flail             |   155 |   248 |    26 ||   429
Throw: Boomerang         |       |    10 |       ||    10
  Use: Scroll            |       |       |     2 ||     2
       Potion            |       |       |     2 ||     2
Armor: Scale mail        |   113 |   109 |     4 ||   226
       Skin              |       |       |    19 ||    19
Dodge: Dodged            |    75 |   129 |     8 ||   212
Block: Buckler           |    31 |    50 |     7 ||    88
